 Dungeon Crawl Stone Soup version 0.30-a0-881-g1ff12e1e11 (webtiles) character file.

Game seed: 979527311867344995

104 bmack86 the Covered (level 4, -1/40 HPs)
             Began as a Minotaur Fighter on Mar 15, 2023.
             Slain by a gnoll
             ... wielding a +0 halberd
              (11 damage)
             ... on level 3 of the Dungeon.
             The game lasted 00:05:40 (2093 turns).

bmack86 the Covered (Minotaur Fighter)              Turns: 2093, Time: 00:05:41

Health: -1/40      AC:  9    Str: 22    XL:     4   Next: 52%
Magic:  3/3        EV:  7    Int:  5    God:
Gold:   124        SH:  4    Dex: 10    Spells: 3/3 levels left

rFire   . . .      SeeInvis +    a - +0 war axe
rCold   . . .      Faith    .    c - +0 buckler
rNeg    . . .      Spirit   .    e - +0 chain mail
rPois   .          Reflect  .    (helmet restricted)
rElec   .          Rampage  .    p - scarf {repulsion}
rCorr   .                        (no gloves)
Will    .....                    (no boots) Stlth
                                 (no amulet)
HPRegen 0.26/turn                i - ring of see invisible
MPRegen 0.08/turn                (no ring)

@: repel missiles
A: horns 2, retaliatory headbutt
a: no special abilities


You were on level 3 of the Dungeon.
You visited 1 branch of the dungeon, and saw 3 of its levels.

You collected 204 gold pieces.
You spent 80 gold pieces at shops.

Inventory:

Hand Weapons
 a - a +0 war axe (weapon)
Armour
 b - a +0 scale mail
 c - a +0 buckler (worn)
 e - a +0 chain mail (worn)
 p - a scarf of repulsion (worn)
Jewellery
 i - a ring of see invisible (left hand)
Wands
 g - a wand of polymorph (11)
Scrolls
 f - a scroll of enchant weapon {unknown}
 k - 2 scrolls of fear {unknown}
 n - a scroll of teleportation {unknown}
 o - a scroll of poison
 r - a scroll of blinking {unknown}
Potions
 d - a potion of might
 h - a potion of resistance
 j - a potion of haste
 l - a potion of lignification
 m - 2 potions of invisibility
 q - 3 potions of mutation


   Skills:
 + Level 4.3 Fighting
 * Level 4.1 Axes
 + Level 4.3 Armour
 + Level 4.3 Shields


You had 3 spell levels left.
You didn't know any spells.
Your spell library contained the following spells:

 Spells                   Type           Power      Damage    Failure   Level
 Apportation              Tloc           0%         N/A       99%         1
 Necrotise                Necr           0%         1d4       99%         1
 Summon Small Mammal      Summ           0%         N/A       99%         1
 Call Canine Familiar     Summ           0%         N/A       100%        3
 Ozocubu's Armour         Ice            0%         N/A       100%        3
 Summon Guardian Golem    Hex/Summ       0%         N/A       100%        3
 Ozocubu's Refrigeration  Ice            0%         4d7       100%        7


Dungeon Overview and Level Annotations

Branches:
Dungeon (3/15)

Altars:

Shops:
D:1 ?   D:2 (


Innate Abilities, Weirdness & Mutations

You have a pair of horns on your head.
You reflexively headbutt those who attack you in melee.


Message History

You hit the gnoll. Your headbutt misses the gnoll.
The gnoll is moderately wounded.
The gnoll hits you with a +0 spear.
You barely miss the gnoll. You headbutt the gnoll.
The gnoll is heavily wounded.
The gnoll barely misses you. You furiously retaliate!
You headbutt the gnoll. You barely miss the gnoll.
The gnoll is almost dead.
The gnoll hits you with a +0 spear.
The gnoll falls through a shaft!
The shaft crumbles and collapses.
The gnoll barely misses you.
You hit the gnoll but do no damage.
The gnoll is almost dead.
The gnoll hits you with a +0 spear.
You closely miss the gnoll.
The gnoll is almost dead.
The gnoll hits you with a +0 spear. x2
You barely miss the gnoll. Your headbutt misses the gnoll.
The gnoll is almost dead.
The gnoll hits you but does no damage.
You hit the gnoll.
You kill the gnoll!
A gnoll comes into view. It is wielding a +0 halberd.
The gnoll shouts!
A gnoll comes into view. It is wielding a +0 whip.
Things that are here:
a +0 spear; 7 stones The gnoll shouts!
The gnoll hits you from afar with a +0 halberd!
* * * LOW HITPOINT WARNING * * *
The gnoll hits you but does no damage.
You closely miss the gnoll.
You headbutt the gnoll, but do no damage.
You completely miss the gnoll. The gnoll barely misses you.
You block the gnoll's attack. The gnoll hits you with a +0 whip.
* * * LOW HITPOINT WARNING * * *
The gnoll closely misses you. You furiously retaliate!
You headbutt the gnoll! You hit the gnoll. Your headbutt misses the gnoll.
The gnoll is severely wounded.
You closely miss the gnoll. The gnoll hits you with a +0 halberd!
You die...

##............#.#
##.##.......#.#)##########
..............#.#........#
##.##.......###<#........#
##..+.....................
.####..>....###.#........#
.# ######### #...........
.# #gg........# .#
#.@........# .#
#..######### .#
#..######### .#
#.)##......#
.##############..##......#
........#........##......#
........#......#.##......#
........#...........>....#
#########.............####


You could see 2 gnolls.

Vanquished Creatures
  A gnoll (D:3)
  4 adders
  A worm (D:3)
  2 dart slugs (D:3)
  6 endoplasms
  6 giant cockroaches
  6 goblins
  3 hobgoblins
  3 quokkas
  A ball python (D:2)
  5 bats
  4 frilled lizards
  2 kobolds (D:1)
  5 rats
49 creatures vanquished.

Notes
Turn   | Place    | Note
-------+----------+-------------------------------------------
     0 | D:1      | bmack86 the Minotaur Fighter began the quest for the Orb.
     0 | D:1      | Reached XP level 1. HP: 19/19 MP: 0/0
   125 | D:1      | Found Jovaddie's Magic Scroll Shoppe.
   163 | D:1      | Bought a scroll of identify for 20 gold pieces
   170 | D:1      | Reached XP level 2. HP: 27/27 MP: 1/1
   941 | D:1      | Bought a scroll of identify for 20 gold pieces
   941 | D:1      | Bought a scroll of identify for 20 gold pieces
   941 | D:1      | Bought a scroll of identify for 20 gold pieces
   969 | D:2      | Reached XP level 3. HP: 28/33 MP: 2/2
  1158 | D:2      | Found Roesch's Antique Weapon Emporium.
  1729 | D:3      | Reached XP level 4. HP: 40/40 MP: 3/3
  2093 | D:3      | Slain by a gnoll

Illustrated notes

Levels and vault maps discovered:
D:1:      beargit_arrival_diablo_church, layout_basic, serial_shops,
          nicolae_shop_hallway_plus
D:2:      layout_loops_ring, serial_shops,
          nicolae_shop_competitors_out_of_business
D:3:      layout_basic

Skill      XL: |  1  2  3  4 |
---------------+-------------+-----
Axes           | 3 4 |  4.1
Fighting       | 4 |  4.3
Armour         | 4 |  4.3
Shields        | 4 |  4.3

Action                     |  1- 3 |  4- 6 || total
---------------------------+-------+-------++-------
  Melee: War axe           |    87 |    20 ||   107
         Headbutt          |     9 |     3 ||    12
    Use: Scroll            |     4 |     3 ||     7
 Armour: Scale mail        |     9 |       ||     9
         Chain mail        |    47 |     8 ||    55
  Dodge: Dodged            |    36 |    14 ||    50
         Repelled          |     1 |       ||     1
  Block: Buckler           |    20 |     4 ||    24

Table legend: (Time is in decaauts)
 A = Elapsed time spent in this place.
 B = Non-inter-level travel time spent in this place.
 C = Inter-level travel time spent in this place.
 D = Time resting spent in this place.
 E = Time spent auto-exploring this place.
 F = Levels seen in this place.
 G = Mean time per level.
                   A        B        C        D        E       F      G
               +--------+--------+--------+--------+--------+-----+--------+
         Total |   2131 |   2014 |    117 |      0 |   1399 |   3 |  710.3 |
       Dungeon |   2131 |   2014 |    117 |      0 |   1399 |   3 |  710.3 |
               +--------+--------+--------+--------+--------+-----+--------+

Top non-repeatable levels by time:
     D:1: 960 daAuts
     D:2: 673 daAuts
     D:3: 497 daAuts
